 Dungeon Crawl Stone Soup version 0.28-a0-1518-gbe868bca14 (webtiles) character file.

Game seed: 4416863832884111999

12383 MacCMillion the Geomancer (level 11, -22/72 HPs)
             Began as a Gargoyle Earth Elementalist on Jan 17, 2022.
             Was an Elder of Vehumet.
             Annihilated by a bog body (23 damage)
             ... on level 2 of the Lair of Beasts.
             The game lasted 00:48:54 (16298 turns).

MacCMillion the Geomancer (GrEE)                   Turns: 16298, Time: 00:48:55

Health: -22/72     AC: 23    Str: 13    XL:     11   Next: 92%
Magic:  6/17       EV: 11    Int: 19    God:    Vehumet [****..]
Gold:   631        SH:  4    Dex: 10    Spells: 5/18 levels left

rFire   . . .      SeeInvis .   B - +4 dagger
rCold   . . .      Faith    .   k - +0 buckler
rNeg    + . .      Spirit   .   F - +0 steam dragon scales
rPois   ∞          Reflect  .   h - +2 helmet
rElec   +          Harm     .   A - +0 cloak
rCorr   .          Rampage  .   (no gloves)
Will    .....                   y - +0 pair of boots
Stlth   +++.......              (no amulet)
HPRegen 0.22/turn               d - +4 ring of protection
MPRegen 0.15/turn               (no ring)

@: slowed, very slow
A: sickness immunity, AC +8, negative energy resistance 1, electricity
resistance, torment resistance 1, petrification resistance
a: Renounce Religion


You were on level 2 of the Lair of Beasts.
You worshipped Vehumet.
Vehumet was greatly pleased with you.
You visited 3 branches of the dungeon, and saw 14 of its levels.

You collected 631 gold pieces.

Inventory:

Hand Weapons
 e - a +2 dagger of speed
 B - a +4 dagger (weapon)
 E - a +1 short sword of holy wrath
 I - the +6 trident "Aqaalac" {vorpal, rElec Dex+2}
   (You found it on level 9 of the Dungeon)

   It inflicts extra damage upon your enemies.
   Dex:       It affects your dexterity (+2).
   rElec:     It insulates you from electricity.
Missiles
 c - 189 stones
 j - a throwing net
 l - 10 atropa-tipped darts
 r - 32 poisoned darts
 K - 2 curare-tipped darts
Armour
 h - a +2 helmet (worn)
 k - a +0 buckler (worn)
 y - a +0 pair of boots (worn)
 A - a +0 cloak (worn)
 F - +0 steam dragon scales (worn)
Jewellery
 a - an amulet of faith
 d - a +4 ring of protection (left hand)
Wands
 u - a wand of iceblast (1)
 C - a wand of flame (25)
 J - a wand of polymorph (5)
 N - a wand of acid (4)
Scrolls
 b - 2 scrolls of magic mapping
 i - 3 scrolls of immolation
 n - 12 scrolls of teleportation {unknown}
 o - a scroll of blinking
 q - 2 scrolls of enchant weapon
 s - 2 scrolls of enchant armour
 v - a scroll of holy word
 x - 3 scrolls of amnesia {unknown}
 M - 3 scrolls of identify
 O - a scroll of noise {unknown}
Potions
 f - 2 potions of degeneration
 g - 5 potions of heal wounds
 m - 5 potions of flight
 p - a potion of ambrosia
 t - a potion of mutation
 w - 5 potions of curing
 z - a potion of lignification
 D - 3 potions of might {unknown}
 G - 2 potions of haste {unknown}
 H - 2 potions of attraction {unknown}
 L - 2 potions of magic {unknown}


   Skills:
 - Level 10.0 Fighting
 + Level 3.1 Armour
 - Level 1.5 Dodging
 - Level 6.0 Stealth
 - Level 4.0 Shields
 + Level 4.4 Spellcasting
 - Level 5.0 Conjurations
 - Level 5.0 Transmutations
 + Level 14.6 Earth Magic


You had 5 spell levels left.
You knew the following spells:

 Your Spells              Type           Power      Damage    Failure   Level
a - Sandblast             Erth           100%       2d20      1%          1
b - Stone Arrow           Conj/Erth      82%        3d12      1%          3
c - Petrify               Tmut/Erth      41%        N/A       3%          4
d - Lee's Rapid Deconstr  Erth           28%        3d16*     1%          5

Your spell library contained the following spells:

 Spells                   Type           Power      Damage    Failure   Level
 Passwall                 Tmut/Erth      34%        N/A       1%          2
 Ignite Poison            Fire/Tmut/Pois 10%        N/A       7%          3
 Mephitic Cloud           Conj/Pois/Air  10%        N/A       7%          3
 Slow                     Hex            16%        N/A       17%         1
 Confusing Touch          Hex            4%         N/A       45%         3
 Gell's Gravitas          Tloc           4%         N/A       45%         3
 Lesser Beckoning         Tloc           4%         N/A       45%         3
 Teleport Other           Tloc           4%         N/A       45%         3
 Vampiric Draining        Necr           4%         2d6       45%         3
 Freezing Cloud           Conj/Ice/Air   5%         6-21      50%         5
 Passage of Golubria      Tloc           4%         N/A       86%         4
 Silence                  Hex/Air        2%         N/A       99%         5
 Lehudib's Crystal Spear  Conj/Erth      20%        10d6      98%         8


Dungeon Overview and Level Annotations

Branches:
Dungeon (11/15)            Temple (1/1) D:5            Lair (2/6) D:11
    Orc (0/2) D:11
  Swamp: Lair:2-4    Shoals: Lair:2-4     Snake: Lair:2-4    Spider: Lair:2-4

Altars:
Ashenzari
Cheibriados
Dithmenos
Elyvilon
Fedhas
Gozag
Hepliaklqana
Kikubaaqudgha
Makhleb
Nemelex Xobeh
Okawaru
Qazlal
Ru
Sif Muna
Trog
Uskayaw
Vehumet
Wu Jian
Xom
Yredelemnul
Zin
The Shining One
Beogh

Shops:
D:5 =   D:7 [   D:8 =   D:10 !

Portals:
Trove: D:11 (give 8 potions of haste)

Annotations:
D:4 Dowan, Duvessa
Lair:1 Erica


Innate Abilities, Weirdness & Mutations

You are immune to sickness and miasma.
Your stone body is resilient. (AC +8)
You are immune to poison.
You resist negative energy. (rN+)
You are resistant to electric shocks. (rElec)
You are resistant to unholy torment.
You are immune to petrification.


Message History

Aiming: Lee's Rapid Deconstruction (dangerous; 1% risk of failure)
Press: ? - help, Dir - move target A rock wall.
The wall shatters!
The blast of rock fragments hits the yak!
The yak is almost dead.
The blast of rock fragments hits the yak!!
The yak is almost dead.
You hear an angry hiss.
You hear a bellow!
The yak gores you but does no damage. x2
Unknown command.
Casting: Lee's Rapid Deconstruction (dangerous; 1% risk of failure)
Confirm with . or Enter, or press ? or * to list all spells.
You don't have enough magic to cast this spell.
Unknown command.
The bog body touches you but does no damage.
The yak gores you but does no damage. The bog body casts a spell at you.
The bolt of cold hits you! The komodo dragon barely misses you.
The komodo dragon misses you.
A water moccasin comes into view.
A four-headed hydra comes into view.
The yak gores you but does no damage. You block the komodo dragon's attack.
The yak barely misses you. The yak gores you but does no damage.
The yak gores you.
The komodo dragon bites you but does no damage.
The yak gores you. The komodo dragon bites you! The yak misses you.
The water moccasin hisses angrily.
The water moccasin bites you but does no damage.
The komodo dragon bites you but does no damage.
The bog body points at you and mumbles some strange words.
You resist with significant effort. The komodo dragon bites you!
The bog body points at you and mumbles some strange words.
The bolt of cold hits you!!
* * * LOW HITPOINT WARNING * * *
The water moccasin barely misses you. The bog body touches you.
* * * LOW HITPOINT WARNING * * *
The bog body freezes you!!
You die...

##..................≈♣
#####....................≈
................##†.##....
.PP.#.........####....P.. #
####P...........## #Y.....
##P#P#..lP..........###....../
#P.............Y..............
#............ln....###.......
S...##.......YDS@....# ..... l
##.....###.......## .#.#
###.......##.......#
...................#
...................##
...............##≈P..#
....#.........#≈≈≈#.##
..###...#.#P.#≈≈≈#.#
#...####..≈≈≈≈..#


You could see a four-headed hydra, 2 komodo dragons, a bog body, 2 yaks and a
water moccasin.

Vanquished Creatures
  A two-headed ogre (D:11)
  A black mamba (Lair:2)
  3 cane toads
  A gargoyle (D:11)
  2 kobold demonologists (D:10)
  24 yaks
  2 wyverns (D:7)
  2 steam dragons
  Edmund (D:4)
  5 water moccasins
  5 orc warriors
  An ice beast (D:7)
  2 sky beasts
  A necrophage (D:7)
  3 ogres
  3 wolves
  3 centaurs
  2 phantoms
  3 kobold brigands
  3 bullfrogs
  A wyvern zombie (D:8)
  2 scorpions
  5 howler monkeys
  3 wights (D:9)
  2 electric eels (D:11)
  A bullfrog zombie (D:6)
  6 centaur zombies
  4 orc priests
  A centaur skeleton (D:5)
  5 hounds
  2 jellies (D:6)
  2 bullfrog skeletons
  2 iguanas
  7 orc wizards
  A killer bee zombie (D:8)
  A hound skeleton (D:4)
  2 howler monkey zombies
  Robin (D:2)
  A howler monkey skeleton (D:4)
  6 adders
  12 gnolls
  A shadow imp (D:3)
  A white imp (D:6)
  2 ufetubi (D:5)
  3 worms
  A dart slug (D:2)
  41 orcs
  4 ball pythons
  5 bats
  7 endoplasms
  2 giant cockroaches
  23 goblins
  7 hobgoblins
  4 jackals (D:4)
  6 quokkas
  3 frilled lizards
  16 kobolds
  4 rats
265 creatures vanquished.

Vanquished Creatures (others)
  3 fungi
  5 plants
8 creatures vanquished.

Grand Total: 273 creatures vanquished

Notes
Turn   | Place    | Note
-------+----------+-------------------------------------------
     0 | D:1      | MacCMillion the Gargoyle Earth Elementalist began the quest
                  | for the Orb.
     0 | D:1      | Reached XP level 1. HP: 10/10 MP: 3/3
   196 | D:1      | Reached skill level 1 in Transmutations
   372 | D:1      | Reached skill level 4 in Earth Magic
   407 | D:1      | Reached XP level 2. HP: 3/15 MP: 3/5
   675 | D:1      | Found a faded altar of an unknown god.
  1442 | D:2      | Reached XP level 3. HP: 17/19 MP: 2/6
  1461 | D:2      | Reached skill level 5 in Earth Magic
  1467 | D:2      | Reached XP level 4. HP: 18/24 MP: 4/7
  1547 | D:2      | Learned a level 3 spell: Stone Arrow
  2372 | D:3      | Reached skill level 1 in Conjurations
  2746 | D:3      | Noticed Robin
  2754 | D:2      | Killed Robin
  2755 | D:2      | Reached XP level 5. HP: 28/28 MP: 4/8
  4076 | D:4      | Found a stormy altar of Qazlal.
  4112 | D:4      | Noticed Edmund
  4129 | D:4      | Killed Edmund
  4130 | D:4      | Reached skill level 6 in Earth Magic
  4130 | D:4      | Reached skill level 1 in Fighting
  4130 | D:4      | Reached skill level 1 in Shields
  4130 | D:4      | Reached XP level 6. HP: 24/35 MP: 0/9
  4740 | D:4      | Noticed Duvessa
  4740 | D:4      | Noticed Dowan
  5158 | D:5      | Entered Level 5 of the Dungeon
  5167 | D:5      | Reached XP level 7. HP: 40/40 MP: 1/10
  5246 | D:5      | Found Lepaclur's Jewellery Boutique.
  5781 | D:5      | Found a staircase to the Ecumenical Temple.
  5834 | Temple   | Entered the Ecumenical Temple
  5984 | Temple   | Became a worshipper of Vehumet
  6386 | D:5      | Reached skill level 7 in Earth Magic
  6386 | D:5      | Reached XP level 8. HP: 48/48 MP: 5/11
  7341 | D:6      | Reached skill level 5 in Conjurations
  7463 | D:6      | Reached skill level 8 in Earth Magic
  7658 | D:6      | Reached skill level 5 in Fighting
  7713 | D:6      | Reached * piety under Vehumet
  7713 | D:6      | Offered knowledge of Magic Dart by Vehumet.
  8444 | D:7      | Found Mawal's Armour Shoppe.
  8525 | D:7      | Reached skill level 9 in Earth Magic
  8810 | D:7      | Reached XP level 9. HP: 55/55 MP: 2/12
  9639 | D:7      | Reached skill level 10 in Earth Magic
 10038 | D:7      | Offered knowledge of Shock by Vehumet.
 10046 | D:7      | Reached ** piety under Vehumet
 10317 | D:7      | Reached XP level 10. HP: 60/68 MP: 13/13
 10544 | D:7      | Reached skill level 10 in Fighting
 10926 | D:7      | Reached skill level 5 in Stealth
 11545 | D:8      | Found Woip's Jewellery Shop.
 11975 | D:8      | Reached skill level 11 in Earth Magic
 12150 | D:9      | Offered knowledge of Conjure Flame by Vehumet.
 12596 | D:9      | Identified the +6 trident "Aqaalac" {vorpal, rElec Dex+2}
 12673 | D:9      | Reached XP level 11. HP: 48/72 MP: 17/17
 12698 | D:9      | Reached *** piety under Vehumet
 12939 | D:9      | Learned a level 4 spell: Petrify
 12987 | D:10     | Entered Level 10 of the Dungeon
 13078 | D:10     | Reached skill level 12 in Earth Magic
 13196 | D:10     | Offered knowledge of Olgreb's Toxic Radiance by Vehumet.
 13740 | D:10     | Found Uvvapnus's Distillery.
 14295 | D:10     | Found the +3 giant club "Skullcrusher" {speed, Str+7}
 14308 | D:10     | Reached skill level 5 in Transmutations
 14493 | D:10     | Reached skill level 13 in Earth Magic
 14629 | D:11     | Found a staircase to the Lair.
 14969 | D:11     | Noticed a two-headed ogre
 14987 | D:11     | Killed a two-headed ogre
 15200 | D:11     | Found a staircase to the Orcish Mines.
 15202 | D:11     | Found a portal to a secret trove of treasure.
 15403 | D:11     | Reached **** piety under Vehumet
 15528 | D:11     | Reached skill level 14 in Earth Magic
 15734 | D:11     | Noticed a cyclops
 15759 | Lair:1   | Entered Level 1 of the Lair of Beasts
 15766 | Lair:1   | Offered knowledge of Lee's Rapid Deconstruction by Vehumet.
 15773 | Lair:1   | Learned a level 5 spell: Lee's Rapid Deconstruction
 15848 | Lair:1   | Reached skill level 1 in Armour
 16050 | Lair:1   | Noticed Erica
 16276 | Lair:2   | Noticed a bog body
 16294 | Lair:2   | Noticed a four-headed hydra
 16298 | Lair:2   | HP: 1/72 [bog body (3)]
 16298 | Lair:2   | Annihilated by a bog body

Illustrated notes

Levels and vault maps discovered:
D:1:      dpeg_arrival_renting, layout_basic,
          hellmonk_ecumenical_altar_crossroads
D:2:      layout_loops_corners
D:3:      layout_basic, minmay_stone_trees_small, hangedman_decor_points,
          st_stairs_1, chequers_serial_rivers_room_a, minmay_misc_feat_hallway,
          uniq_robin
D:4:      layout_layer_cave, nicolae_overflow_crystal_walls,
          hangedman_decor_diamond_cutter, uniq_duvessa, uniq_edmund
D:5:      layout_layer_cave, minmay_temple_entry_glass, serial_shops,
          nicolae_stop_n_shop_1
D:6:      layout_rooms, minmay_misc_feat_rugged, minmay_ogre_servants
D:7:      kennysheep_spiral_hall, layout_gridville, serial_shops,
          nicolae_shop_trees
D:8:      layout_rooms, nicolae_take_the_stairs
D:9:      layout_small_grid
D:10:     layout_basic, serial_shops, shop_fountains, special_room
          [special_room_orc]
D:11:     layout_gridville, erik_lair_island, orc_0_dummy,
          nicolae_trove_entry_free_sample, minmay_misc_feat_five
Temple:   mainiacjoe_temple_trianglar_array
Lair:1:   layout_chaotic_city, minmay_holes, uniq_erica
Lair:2:   layout_gridlike, skrybe_swamp_entry_bodies, beast_lair_carwin_11

Skill      XL: |  1  2  3  4  5  6  7  8  9 10 11 |
---------------+----------------------------------+-----
Transmutations | 1 3 5 |  5.0
Earth Magic    | 4 5 6 7 9 10 11 14 | 14.6
Stealth        | 3 4 6 |  6.0
Conjurations   | 1 3 4 5 |  5.0
Fighting       | 1 2 3 5 9 10 | 10.0
Shields        | 1 2 3 4 |  4.0
Spellcasting   | 4 |  4.4
Armour         | 3 |  3.1
Dodging        | |  1.5

Action                   |  1- 3 |  4- 6 |  7- 9 | 10-12 || total
-------------------------+-------+-------+-------+-------++-------
Melee: Unarmed           |    17 |       |       |       ||    17
       Dagger            |    49 |   325 |   468 |   468 ||  1310
       Punch             |       |     2 |       |       ||     2
       Trident           |       |       |       |    27 ||    27
 Cast: Sandblast         |    13 |    31 |    61 |   130 ||   235
       Stone Arrow       |       |     2 |     8 |     4 ||    14
       Petrify           |       |       |       |     7 ||     7
       Lee's Rapid Decon |       |       |       |     3 ||     3
Evoke: Wand              |       |       |     3 |       ||     3
  Use: Scroll            |       |     5 |     5 |     2 ||    12
 Stab: Sleeping          |       |     3 |     2 |       ||     5
       Petrified         |       |       |       |    11 ||    11
Armor: Robe              |    19 |   108 |   206 |    19 ||   352
       Steam dragon scal |       |       |       |   377 ||   377
Dodge: Dodged            |    36 |   124 |   176 |   358 ||   694
Block: Buckler           |       |       |    45 |   142 ||   187

Table legend: (Time is in decaauts)
 A = Elapsed time spent in this place.
 B = Non-inter-level travel time spent in this place.
 C = Inter-level travel time spent in this place.
 D = Time resting spent in this place.
 E = Time spent auto-exploring this place.
 F = Levels seen in this place.
 G = Mean time per level.
                   A        B        C        D        E       F      G
               +--------+--------+--------+--------+--------+-----+--------+
         Total |  16148 |  15601 |    547 |   3196 |   8711 |  14 | 1153.4 |
       Dungeon |  15210 |  14714 |    496 |   3055 |   8125 |  11 | 1382.7 |
        Temple |    394 |    343 |     51 |      0 |    340 |   1 |  394.0 |
          Lair |    543 |    543 |      0 |    141 |    246 |   2 |  271.5 |
               +--------+--------+--------+--------+--------+-----+--------+

Top non-repeatable levels by time:
     D:7: 2912 daAuts
     D:2: 1689 daAuts
    D:10: 1595 daAuts
     D:5: 1541 daAuts
     D:3: 1312 daAuts
    D:11: 1195 daAuts
     D:9: 1135 daAuts
     D:6: 1117 daAuts
     D:1: 1056 daAuts
     D:4: 983 daAuts
     D:8: 672 daAuts
  Temple: 394 daAuts
  Lair:1: 325 daAuts
  Lair:2: 217 daAuts
